 Dungeon Crawl Stone Soup version 0.20-a0-1000-g0e8f6bb (webtiles) character file.

8271 Monsterracer the Spear-Bearer (level 11, -1/84 HPs)
             Began as a Merfolk Skald on Apr 12, 2017.
             Was a Follower of Ashenzari.
             Shot with an arrow by a centaur (6 damage)
             ... on level 11 of the Dungeon.
             The game lasted 00:45:13 (13063 turns).

Monsterracer the Spear-Bearer (Merfolk Skald)      Turns: 13063, Time: 00:45:14

Health: -1/84      AC:  7    Str: 12    XL:     11   Next: 28%
Magic:  13/21      EV: 16    Int: 16    God:    Ashenzari [*.....]
Gold:   542        SH:  0    Dex: 13    Spells: 11/24 levels left

rFire    . . .     SeeInvis .   u - +3 trident (pierce)
rCold    . . .     Gourm    +   (no shield)
rNeg     . . .     Faith    .   b - +0 leather armour
rPois    +         Spirit   .   A - +0 helmet
rElec    .         Reflect  .   p - +0 cloak (curse)
rCorr    .         Harm     .   K - +1 pair of gloves
MR       .....     Clarity  +   (no boots)
Stlth    +.........             M - amulet of the gourmand (curse)
Regen    1.3/turn               G - ring of poison resistance (curse)
MPRegen  0.2/turn               E - ring of wizardry (curse)

@: shrouded, singing, regenerating
A: change form in water, swift swim, stealthy swim, claws 1, clarity, poison
resistance, wild magic 1
a: Curse Item, Scrying, Renounce Religion


You were on level 11 of the Dungeon.
You worshipped Ashenzari.
Ashenzari was aware of your devotion.
You were completely stuffed.

You visited 2 branches of the dungeon, and saw 12 of its levels.

You collected 542 gold pieces.

Inventory:

Hand Weapons
 u - a +3 trident of piercing (weapon)
Armour
 b - a +0 leather armour (worn)
 p - a cursed +0 cloak (worn)
 t - a +0 shield
 w - a scarf of cold resistance
 A - a +0 helmet (worn)
 K - a +1 pair of gloves (worn)
Jewellery
 f - an uncursed ring of resist corrosion
 j - an uncursed ring of fire
 E - a cursed ring of wizardry (right hand)
 G - a cursed ring of poison resistance (left hand)
 M - a cursed amulet of the gourmand (around neck)
Wands
 r - a wand of paralysis (20/24)
 x - a wand of enslavement (12/24)
 z - a wand of paralysis (21/24)
Scrolls
 e - 3 scrolls of amnesia
 i - a scroll of fog
 m - a scroll of enchant armour
 n - 2 scrolls of magic mapping
 o - 7 scrolls of identify
 q - 3 scrolls of recharging
Potions
 g - 4 potions of heal wounds
 h - a potion of cancellation
 l - 3 potions of haste
 s - a potion of berserk rage {unknown}
 D - a potion of agility
 F - 2 potions of curing
Books
 c - a book of Battle

   Spells                             Type                      Level
   a - Infusion                       Charms                       1
   b - Shroud of Golubria             Charms/Translocation         2
   c - Song of Slaying                Charms                       2
   d - Spectral Weapon                Hexes/Charms                 3
   e - Regeneration                   Charms/Necromancy            3
Comestibles
 a - 5 fruits
 d - 11 bread rations
 v - 5 meat rations


   Skills:
 * Level 7.1 Fighting
 - Level 14.0 Polearms
 * Level 3.0 Armour
 * Level 9.0 Dodging
 + Level 7.2 Spellcasting
 - Level 2.2 Hexes
 - Level 7.1 Charms


You had 11 spell levels left.
You knew the following spells:

 Your Spells              Type           Power        Failure   Level  Hunger
a - Infusion              Chrm           ####         1%          1    None
b - Song of Slaying       Chrm           #####...     1%          2    None
c - Spectral Weapon       Hex/Chrm       ####....     6%          3    ##.....
d - Regeneration          Chrm/Necr      ###.......   9%          3    ##.....
e - Shroud of Golubria    Chrm/Tloc      ###.......   4%          2    None
f - Blink                 Tloc           N/A          16%         2    None


Dungeon Overview and Level Annotations

Branches:
Dungeon (11/15)            Temple (1/1) D:7             Orc (0/2) D:9
   Lair: D:8-11

Altars:
Ashenzari
Cheibriados
Dithmenos
Elyvilon
Fedhas
Gozag
Hepliaklqana
Kikubaaqudgha
Makhleb
Nemelex Xobeh
Okawaru
Qazlal
Ru
Sif Muna
Trog
Uskayaw
Vehumet
Wu Jian
Xom
Yredelemnul
Zin
The Shining One

Shops:
D:9 %


Innate Abilities, Weirdness & Mutations

You revert to your normal form in water.
You are very nimble and swift while swimming.
You are very stealthy in the water. (Stealth+)
You have sharp fingernails.
You possess an exceptional clarity of mind.
Your system is resistant to poisons. (rPois)
Your spells are a little harder to cast, but a little more powerful.


Message History

* * * LOW HITPOINT WARNING * * *
The centaur shoots an arrow.
The arrow misses you.
You see here 2 arrows.
Unknown command.
The centaur shoots an arrow.
The arrow closely misses you.
The centaur wields a shortbow.
The centaur shoots an arrow.
The arrow hits you!
* * * LOW HITPOINT WARNING * * *
The centaur shoots an arrow.
The arrow barely misses you.
You see here an arrow.
Unknown command.
The centaur shoots an arrow.
The arrow closely misses you.
The centaur shoots an arrow.
The arrow hits you.
* * * LOW HITPOINT WARNING * * *
The centaur shoots an arrow.
The arrow closely misses you.
You see here an arrow.
Unknown command.
The centaur shoots an arrow.
The arrow hits you.
* * * LOW HITPOINT WARNING * * *
The centaur shoots an arrow.
The arrow hits you.
You die...

...........#
...........#
...........# ..
........% ... .
....... ....
...####...####...!
......((.....(....
.......@((<..c.....
.......###(..c.....
.........#(..c.....
......?..#...cc...
#.####...#####.... .
...........#'###
##.....(.#....
#...Z(u(..##
.########............


You could see 4 centaurs and a friendly spectral trident of piercing.

Vanquished Creatures
  A two-headed ogre (D:8)
  Maurice (D:8)
  2 trolls
  9 yaks
  Eustachio (D:5)
  Menkaure (D:7)
  Duvessa (D:7)
  2 black bears
  3 orc warriors
  4 ice beasts
  3 sky beasts
  An eye of draining (D:3)
  4 phantoms
  7 ogres
  3 centaurs
  6 bullfrogs
  Dowan (D:7)
  7 scorpions
  10 killer bees
  An electric eel (D:7)
  2 crimson imps (D:6)
  A bullfrog zombie (D:6)
  3 centaur zombies
  2 jellies (D:7)
  A centaur skeleton (D:10)
  3 hounds
  3 orc priests
  10 orc wizards
  Jessica (D:3)
  An iguana (D:10)
  Natasha (thrice) (D:3)
  6 worker ants
  A hound skeleton (D:6)
  15 adders
  3 gnolls (D:6)
  2 worker ant zombies
  2 shadow imps
  An adder zombie (D:8)
  A worm (D:4)
  3 dart slugs
  7 leopard geckos
  33 orcs
  3 ball pythons
  5 giant cockroaches
  4 goblins
  4 hobgoblins
  2 jackals (D:1)
  4 kobolds
  5 quokkas
  4 bats
  4 frilled lizards
  A jackal skeleton (D:4)
  A quokka skeleton (D:3)
  4 rats
213 creatures vanquished.

Vanquished Creatures (others)
  7 spectral weapons
7 creatures vanquished.

Grand Total: 220 creatures vanquished

Notes
Turn   | Place    | Note
-------+----------+-------------------------------------------
     0 | D:1      | Monsterracer the Merfolk Skald began the quest for the Orb.
     0 | D:1      | Reached XP level 1. HP: 16/16 MP: 3/3
     7 | D:1      | Noticed an electric eel
     7 | D:1      | Noticed an electric eel
    68 | D:1      | Reached XP level 2. HP: 19/22 MP: 5/5
   170 | D:1      | Learned a level 2 spell: Song of Slaying
   723 | D:2      | Reached skill level 4 in Polearms
   723 | D:2      | Reached XP level 3. HP: 19/27 MP: 0/6
   728 | D:2      | Learned a level 3 spell: Spectral Weapon
   895 | D:2      | Found an opulent altar of Gozag.
  1070 | D:2      | Reached XP level 4. HP: 25/33 MP: 2/7
  1499 | D:3      | Noticed Natasha
  1508 | D:3      | Killed Natasha
  1508 | D:3      | Reached skill level 5 in Polearms
  1581 | D:3      | Noticed Natasha
  1659 | D:3      | Killed Natasha
  1659 | D:3      | Reached XP level 5. HP: 13/38 MP: 2/8
  1883 | D:3      | Noticed an eye of draining
  1915 | D:3      | Killed an eye of draining
  1915 | D:3      | Reached skill level 6 in Polearms
  1915 | D:3      | Reached skill level 1 in Hexes
  1915 | D:3      | Reached skill level 5 in Charms
  2034 | D:3      | Noticed Natasha
  2043 | D:3      | Killed Natasha
  2043 | D:3      | Reached XP level 6. HP: 28/44 MP: 3/9
  2175 | D:3      | Learned a level 3 spell: Regeneration
  2283 | D:3      | Noticed Jessica
  2296 | D:3      | Killed Jessica
  3404 | D:4      | Reached skill level 7 in Polearms
  3850 | D:4      | Reached XP level 7. HP: 39/50 MP: 1/10
  4184 | D:5      | Entered Level 5 of the Dungeon
  4357 | D:5      | Found a basalt altar of Yredelemnul.
  4358 | D:5      | Found an iron altar of Okawaru.
  4360 | D:5      | Found an ancient bone altar of Kikubaaqudgha.
  4584 | D:5      | Noticed Eustachio
  4604 | D:5      | Killed Eustachio
  4604 | D:5      | Reached skill level 8 in Polearms
  5711 | D:6      | Reached skill level 9 in Polearms
  5711 | D:6      | Reached XP level 8. HP: 45/56 MP: 4/11
  5715 | D:6      | Learned a level 2 spell: Shroud of Golubria
  5814 | D:6      | Reached skill level 10 in Polearms
  5896 | D:5      | Gained mutation: Armour fits poorly on your strangely shaped body. [mutagenic meat]
  5897 | D:5      | Gained mutation: Potions are less effective at restoring your health. [mutagenic meat]
  5898 | D:5      | Gained mutation: You are dopey. (Int -2) [mutagenic meat]
  5899 | D:5      | Gained mutation: Your spells are a little easier to cast, but a little less powerful. [mutagenic meat]
  5900 | D:5      | Gained mutation: You are weak. (Str -2) [mutagenic meat]
  5901 | D:5      | Gained mutation: You are resistant to electric shocks. (rElec) [mutagenic meat]
  6373 | D:6      | Reached skill level 11 in Polearms
  6930 | D:6      | Reached XP level 9. HP: 45/61 MP: 14/14
  7341 | D:7      | Noticed Duvessa
  7341 | D:7      | Noticed Dowan
  7362 | D:7      | Killed Duvessa
  7362 | D:7      | Reached skill level 12 in Polearms
  7364 | D:7      | Killed Dowan
  7374 | D:7      | Noticed Menkaure
  7568 | D:7      | Killed Menkaure
  7988 | D:7      | Reached skill level 1 in Armour
  8340 | D:7      | Found a staircase to the Ecumenical Temple.
  8370 | Temple   | Entered the Ecumenical Temple
  8458 | Temple   | Became a worshipper of Ashenzari the Shackled
  8672 | D:8      | Noticed a two-headed ogre
  8832 | D:7      | Lost mutation: You are dopey. (Int -2) [potion of mutation]
  8832 | D:7      | Lost mutation: You are resistant to electric shocks. (rElec) [potion of mutation]
  8832 | D:7      | Lost mutation: Your spells are a little easier to cast, but a little less powerful. [potion of mutation]
  8832 | D:7      | Lost mutation: Armour fits poorly on your strangely shaped body. [potion of mutation]
  8832 | D:7      | Lost mutation: You are weak. (Str -2) [potion of mutation]
  8832 | D:7      | Lost mutation: Potions are less effective at restoring your health. [potion of mutation]
  8832 | D:7      | Gained mutation: Your system is resistant to poisons. (rPois) [potion of mutation]
  8832 | D:7      | Gained mutation: You have sharp fingernails. [potion of mutation]
  8832 | D:7      | Gained mutation: You possess an exceptional clarity of mind. [potion of mutation]
  8832 | D:7      | Gained mutation: Your spells are a little harder to cast, but a little more powerful. [potion of mutation]
  8907 | D:7      | Learned a level 2 spell: Shroud of Golubria
  9079 | D:8      | Killed a two-headed ogre
  9079 | D:8      | Reached skill level 13 in Polearms
  9079 | D:8      | Reached skill level 5 in Dodging
  9079 | D:8      | Reached skill level 5 in Spellcasting
  9294 | D:8      | Learned a level 2 spell: Blink
  9408 | D:8      | Noticed Maurice
  9415 | D:8      | Paralysed by Maurice for 6 turns
  9428 | D:8      | Paralysed by something for 4 turns
  9438 | D:8      | Paralysed by something for 3 turns
  9492 | D:8      | Reached XP level 10. HP: 22/70 MP: 6/18
  9503 | D:8      | Killed Maurice
  9594 | D:8      | Reached skill level 14 in Polearms
 10529 | D:9      | Found a radiant altar of Vehumet.
 10587 | D:9      | Found Qak Umae's Food Boutique.
 11221 | D:9      | Reached * piety under Ashenzari
 11237 | D:9      | Reached skill level 5 in Fighting
 11420 | D:9      | Found a staircase to the Orcish Mines.
 11483 | D:10     | Entered Level 10 of the Dungeon
 11597 | D:10     | Reached XP level 11. HP: 5/81 MP: 7/21
 12191 | D:10     | Found a shattered altar of Ashenzari.
 13046 | D:11     | Noticed a purple ugly thing
 13063 | D:11     | Shot with an arrow by a centaur

Vault maps used:
D:1:      arrival_aquarium_b, minivault_24
D:2:      nicolae_gozag_seed_capital
D:3:      first_bread, uniq_jessica, uniq_natasha
D:4:      kennysheep_generic_room_15
D:5:      minitemple, chequers_big_river, uniq_eustachio
D:7:      minmay_temple_entry_enclosed_plants, water_boxes_lemuel,
          uniq_menkaure, uniq_duvessa
D:8:      nicolae_benzene_ring, uniq_maurice
D:9:      fiery_altar_vehumet, orc_0_dummy, serial_shops, nicolae_shop_trees
D:10:     grunt_ogre_cave, ashenzari_altar_1
D:11:     david_lair_shrubbed, kennysheep_generic_room_16, uniq_gastronok
Temple:   minmay_crystal_spiral_temple

Skill      XL: |  1  2  3  4  5  6  7  8  9 10 11 |
---------------+----------------------------------+-----
Polearms       | 4 5 6 7 9 11 13 14 | 14.0
Charms         | 4 5 6 7 |  7.1
Hexes          | 1 2 |  2.2
Spellcasting   | 3 5 7 |  7.2
Dodging        | 3 5 7 9 |  9.0
Fighting       | 3 6 7 |  7.1
Armour         | 1 3 |  3.0

Action                   |  1- 3 |  4- 6 |  7- 9 | 10-12 || total
-------------------------+-------+-------+-------+-------++-------
Melee: Spear             |    93 |   197 |   198 |       ||   488
       Trident           |       |       |   272 |   371 ||   643
 Cast: Infusion          |     6 |    14 |    24 |     9 ||    53
       Song of Slaying   |       |     3 |    10 |    10 ||    23
       Spectral Weapon   |       |     2 |    14 |    14 ||    30
       Regeneration      |       |       |     3 |     5 ||     8
       Shroud of Golubri |       |       |     5 |    15 ||    20
Invok: Curse Item        |       |       |     3 |       ||     3
  Use: Scroll            |       |       |    13 |     3 ||    16
       Potion            |       |       |    11 |     1 ||    12
 Stab: Sleeping          |     1 |     1 |     2 |     1 ||     5
       Distracted        |       |     1 |       |       ||     1
  Eat: Chunk             |     1 |     9 |    25 |    21 ||    56
       Royal jelly       |       |       |     1 |       ||     1
Armor: Leather armour    |    16 |    26 |    86 |    39 ||   167
Dodge: Dodged            |    51 |    51 |   153 |   166 ||   421
